 Dungeon Crawl Stone Soup version 0.28.0-43-g3370ac3207 (webtiles) character file.

Game seed: 9095053153651601439

49 jimonade the Ruffian (level 3, 0/28 HPs)
             Began as a Gnoll Wanderer on Mar 14, 2022.
             Succumbed to an adder's poison
             ... on level 2 of the Dungeon.
             The game lasted 00:06:18 (1231 turns).

jimonade the Ruffian (Gnoll Wanderer)               Turns: 1231, Time: 00:06:18

Health: 0/28       AC:  3    Str: 13    XL:     3   Next: 77%
Magic:  9/9        EV: 11    Int: 14    God:
Gold:   102        SH:  0    Dex:  8    Spells: 11/12 levels left

rFire   . . .      SeeInvis .     - Unarmed
rCold   . . .      Faith    .   (no shield)
rNeg    . . .      Spirit   .   d - +0 leather armour
rPois   .          Reflect  .   (no helmet)
rElec   .          Harm     .   (no cloak)
rCorr   .          Rampage  .   (no gloves)
Will    .....                   (no boots)
Stlth   +.........              (no amulet)
HPRegen 0.09/turn               (no ring)
MPRegen 0.11/turn               (no ring)

@: lethally poisoned (0 -> -7)
A: fangs 1, strong nose, distributed training
a: no special abilities


You were on level 2 of the Dungeon.
You visited 1 branch of the dungeon, and saw 2 of its levels.

You collected 102 gold pieces.

Inventory:

Hand Weapons
 a - a +0 club
 h - a +0 short sword
 p - a +0 spear
 u - a +0 spear
Missiles
 k - 37 stones
 l - 16 sling bullets
 n - 4 poisoned darts
 o - 2 boomerangs (quivered)
Armour
 d - a +0 leather armour (worn)
 s - a +0 cloak
 y - a +0 ring mail
Jewellery
 g - a ring of ice
Wands
 c - a wand of polymorph (4)
Scrolls
 b - 2 scrolls of fear
 i - a scroll of fog {unknown}
 j - a scroll of enchant weapon {unknown}
 r - a scroll of blinking {unknown}
 v - a scroll of magic mapping {unknown}
 w - a scroll of noise {unknown}
Potions
 e - 2 potions of heal wounds
 f - 2 potions of ambrosia {unknown}
 m - a potion of resistance {unknown}
 q - a potion of berserk rage {unknown}
 t - a potion of brilliance {unknown}
 x - a potion of attraction {unknown}


   Skills:
 + Level 2.6 Fighting
 + Level 0.9 Short Blades
 + Level 0.9 Long Blades
 + Level 0.9 Axes
 + Level 0.9 Maces & Flails
 + Level 0.9 Polearms
 + Level 0.9 Staves
 + Level 0.9 Slings
 + Level 0.9 Bows
 + Level 0.9 Crossbows
 + Level 0.9 Throwing
 + Level 0.9 Armour
 + Level 2.6 Dodging
 + Level 0.9 Stealth
 + Level 0.9 Shields
 + Level 6.5 Unarmed Combat
 + Level 5.0 Spellcasting
 + Level 2.1 Conjurations
 + Level 0.6 Hexes
 + Level 0.6 Summonings
 + Level 0.6 Necromancy
 + Level 0.6 Translocations
 + Level 0.6 Transmutations
 + Level 0.6 Fire Magic
 + Level 0.6 Ice Magic
 + Level 0.6 Air Magic
 + Level 0.6 Earth Magic
 + Level 0.6 Poison Magic
 + Level 1.0 Invocations
 + Level 4.5 Evocations


You had 11 spell levels left.
You knew the following spells:

 Your Spells              Type           Power      Damage    Failure   Level
a - Shock                 Conj/Air       28%        1d4       13%         1

Your spell library contained the following spells:

 Spells                   Type           Power      Damage    Failure   Level
 Dazzling Flash           Conj/Hex       14%        N/A       36%         3


Dungeon Overview and Level Annotations

Branches:
Dungeon (2/15)

Altars:


Innate Abilities, Weirdness & Mutations

You have very sharp teeth.
Your uncanny sense of smell can sniff out nearby items.
Your experience applies equally to all skills.


Message History

Found a stone staircase leading up and a stone staircase leading down.
Found a mace. 2 adders come into view.
The adder hisses angrily.
There is a shaft here.
The adder falls through a shaft!
The shaft crumbles and collapses.
You throw a boomerang. The boomerang closely misses the adder.
The adder barely misses you.
You closely miss the adder. The adder bites you.
You barely miss the adder. The adder bites you.
You hit the adder but do no damage. The adder bites you.
You are poisoned.
The adder poisons you! The adder bites you.
You are more poisoned.
The adder poisons you!
You barely miss the adder.
You feel very sick. The adder misses you.
You hit the adder but do no damage.
You feel sick. The adder bites you.
You hit the adder.
The adder is moderately wounded.
You feel sick. The adder bites you.
You barely miss the adder. Your punch misses the adder.
The adder is moderately wounded.
You feel sick. The adder bites you.
* * * LOW HITPOINT WARNING * * *
You are lethally poisoned!
The adder poisons you!
You barely miss the adder.
The adder is moderately wounded.
* * * LOW HITPOINT WARNING * * *
You feel sick. The adder bites you.
* * * LOW HITPOINT WARNING * * *
You completely miss the adder.
The adder is moderately wounded.
* * * LOW HITPOINT WARNING * * *
You feel sick. The adder closely misses you.
You closely miss the adder.
The adder is moderately wounded.
You die...

.....###........#
.......>.........
.........(.......
..)..#.#........#
.....#.S........# #######
......<#.###.#### ......#
#####.......... ...)..#
#######...........##. ......#
#....@S.#.######### ......###
#.######..# #.......#
##........##
#)......###..########
#########.∆ ##...........#
#...##......... ###.........##
#.............. #........####
#.........>. ..#........# ###
###..........
.##.....##.......###......######


You could see an adder.

Vanquished Creatures
  A gnoll (D:1)
  A dart slug (D:2)
  2 ball pythons (D:1)
  3 endoplasms
  A giant cockroach (D:1)
  3 goblins
  5 hobgoblins
  5 jackals
  3 quokkas
  2 bats
  2 frilled lizards
  2 kobolds
  A rat (D:1)
31 creatures vanquished.

Notes
Turn   | Place    | Note
-------+----------+-------------------------------------------
     0 | D:1      | jimonade the Gnoll Wanderer began the quest for the Orb.
     0 | D:1      | jimonade set off with the following items: a +0 club, a
                  | scroll of fear, a wand of polymorph (4), a +0 leather
                  | armour, a potion of heal wounds; and the following spell
                  | memorised: Shock; and the following spells available to
                  | memorise: Dazzling Flash
     0 | D:1      | Reached XP level 1. HP: 17/17 MP: 6/6
   242 | D:1      | Reached XP level 2. HP: 23/23 MP: 1/7
   388 | D:1      | Found a faded altar of an unknown god.
   487 | D:1      | Reached skill level 5 in Spellcasting
   487 | D:1      | Reached XP level 3. HP: 28/28 MP: 3/9
   909 | D:2      | Reached skill level 1 in Invocations
  1231 | D:2      | Succumbed to an adder's poison

Illustrated notes

Levels and vault maps discovered:
D:1:      dpeg_arrival_shelter, layout_rooms,
          shapermc_ecumenical_altar_mp_urbaneastern
D:2:      layout_rooms

Skill      XL: |  1  2  3 |
---------------+----------+-----
Conjurations   | 2 |  2.1
Spellcasting   | 5 |  5.0
Invocations    | 1 |  1.0
Fighting       | |  2.6
Short Blades   | |  0.9
Long Blades    | |  0.9
Axes           | |  0.9
Maces & Flails | |  0.9
Polearms       | |  0.9
Staves         | |  0.9
Slings         | |  0.9
Bows           | |  0.9
Crossbows      | |  0.9
Throwing       | |  0.9
Armour         | |  0.9
Dodging        | |  2.6
Stealth        | |  0.9
Shields        | |  0.9
Unarmed Combat | |  6.5
Hexes          | |  0.6
Summonings     | |  0.6
Necromancy     | |  0.6
Translocations | |  0.6
Transmutations | |  0.6
Fire Magic     | |  0.6
Ice Magic      | |  0.6
Air Magic      | |  0.6
Earth Magic    | |  0.6
Poison Magic   | |  0.6
Evocations     | |  4.5

Action                   || total
-------------------------++-------
Melee: Unarmed           ||    47
       Punch             ||     1
Throw: Boomerang         ||    11
 Cast: Shock             ||    47
Armor: Leather armour    ||    14
Dodge: Dodged            ||    23
